 Dungeon Crawl Stone Soup version 0.30-a0-859-gf88a04b62d (webtiles) character file.

Game seed: 6394264038205630909

75 112233 the Sneak (level 4, 0/21 HPs)
             Began as a Vine Stalker Enchanter on Mar 6, 2023.
             Slain by an adder (3 damage)
             ... on level 2 of the Dungeon.
             The game lasted 00:02:03 (1612 turns).

112233 the Sneak (Vine Stalker Enchanter)           Turns: 1612, Time: 00:02:03

Health: 0/21       AC:  2    Str: 10    XL:     4   Next: 31%
Magic:  0/9        EV: 12    Int: 17    God:
Gold:   110        SH:  0    Dex: 15    Spells: 7/9 levels left

rFire   . . .      SeeInvis .    a - +1 dagger
rCold   . . .      Faith    .    (no shield)
rNeg    . . .      Spirit   +    b - +0 robe
rPois   .          Reflect  .    (no helmet)
rElec   .          Rampage  .    (no cloak)
rCorr   .                        (no gloves)
Will    .....                    (no boots)
Stlth   ++                       (no amulet)
HPRegen 1.03/turn                (no ring)
MPRegen 0.11/turn                (no ring)

@: very slightly contaminated, invisible
A: fangs 2, regeneration 1, magic shield, antimagic bite, no potion heal 2
a: no special abilities


You were on level 2 of the Dungeon.
You visited 1 branch of the dungeon, and saw 2 of its levels.

You collected 110 gold pieces.

Inventory:

Hand Weapons
 a - a +1 dagger (weapon)
Armour
 b - a +0 robe (worn)
 q - a +0 pair of gloves
Jewellery
 g - a ring of fire
 p - a ring of ice
Scrolls
 d - a scroll of brand weapon {unknown}
 e - a scroll of poison {unknown}
 h - a scroll of fog {unknown}
 j - 2 scrolls of identify {unknown}
 k - 2 scrolls of noise {unknown}
 n - a scroll of enchant armour {unknown}
 o - 2 scrolls of enchant weapon {unknown}
Potions
 c - a potion of invisibility
 f - 3 potions of curing
 i - 2 potions of heal wounds {unknown}
 l - 2 potions of haste {unknown}
 m - a potion of attraction {unknown}


   Skills:
 + Level 0.8 Fighting
 - Level 1.4 Short Blades
 + Level 2.2 Dodging
 - Level 3.6 Stealth
 * Level 3.1 Spellcasting
 + Level 3.5 Hexes


You had 7 spell levels left.
You knew the following spells:

 Your Spells              Type           Power      Damage    Failure   Level
a - Ensorcelled Hibernat  Hex/Ice        16%        N/A       13%         2

Your spell library contained the following spells:

 Spells                   Type           Power      Damage    Failure   Level
 Confusing Touch          Hex            14%        N/A       12%         3
 Tukima's Dance           Hex            14%        N/A       12%         3
 Kiss of Death            Conj/Necr      8%         2d6       17%         1
 Dazzling Flash           Conj/Hex       16%        N/A       26%         3
 Anguish                  Hex/Necr       4%         N/A       63%         4
 Dispel Undead            Necr           2%         3d7       86%         4
 Enfeeble                 Hex            7%         N/A       100%        7


Dungeon Overview and Level Annotations

Branches:
Dungeon (2/15)

Altars:
Kikubaaqudgha


Innate Abilities, Weirdness & Mutations

You have extremely sharp teeth.
Your natural rate of healing is unusually fast.
When hurt, damage is shared between your health and your magic reserves.
Your bite disrupts and absorbs the magic of your enemies.
Potions cannot restore your health.


Message History

Press: ? - help, Shift-Dir - straight line, f/p - adder
Aim: an adder (lightly wounded, chance to affect: 50%)
You miscast Ensorcelled Hibernation.
Nothing appears to happen.
You feel sick. The adder bites you.
You are more poisoned.
The adder poisons you! The adder misses you.
Casting: Ensorcelled Hibernation (safe; 13% risk of failure)
Confirm with . or Enter, or press ? or * to list all spells.
Aiming: Ensorcelled Hibernation (safe; 13% risk of failure)
Press: ? - help, Shift-Dir - straight line, f/p - adder
Aim: an adder (lightly wounded, chance to affect: 50%)
The adder resists with some effort.
You feel very sick. The adder bites you.
You closely miss the adder.
The adder is lightly wounded.
You feel sick. The adder bites you.
You are more poisoned.
The adder poisons you!
You hit the adder.
The adder is moderately wounded.
* * * LOW HITPOINT WARNING * * *
You feel very sick. The adder misses you.
Unknown command.
You hit the adder. Your bite misses the adder.
The adder is severely wounded.
You feel sick. The adder bites you.
* * * LOW HITPOINT WARNING * * *
The adder misses you.
Your system rejects the healing.
You feel better. The adder bites you.
* * * LOW HITPOINT WARNING * * *
Unknown command.
You fade into invisibility!
The adder closely misses you.
Unknown command.
You closely miss the adder.
The adder is severely wounded.
The adder bites you.
You die...

.....# #..†............#.........
.....# ####.........#.##.........
.....######...........##.........
#######.....#+##......##.........
#.....#................+.........
#....)#......#.#.......#......<..
#............#.......†.#<......#.
.............#......##.........#.
.............#..@#####.####....#.
....###+##...#..S....#...........
...........###..###...†......###.
.................................
......#..######.#......#.........
................#................
....#......#.....................
..#............................(.
###...........#...###............


You could see an adder (unable to see you).

Vanquished Creatures
  2 adders (D:2)
  A worm (D:2)
  A dart slug (D:2)
  6 bats
  4 endoplasms
  2 giant cockroaches (D:1)
  6 goblins
  9 hobgoblins
  3 jackals (D:2)
  A quokka (D:2)
  2 ball pythons
  2 frilled lizards
  4 kobolds
  4 rats
47 creatures vanquished.

Notes
Turn   | Place    | Note
-------+----------+-------------------------------------------
     0 | D:1      | 112233 the Vine Stalker Enchanter began the quest for the
                  | Orb.
     0 | D:1      | Reached XP level 1. HP: 9/9 MP: 4/4
    97 | D:1      | Reached skill level 1 in Short Blades
   152 | D:1      | Reached XP level 2. HP: 5/13 MP: 3/6
   159 | D:1      | Learned a level 2 spell: Ensorcelled Hibernation
   312 | D:1      | Found a faded altar of an unknown god.
   859 | D:2      | Reached XP level 3. HP: 16/16 MP: 7/7
  1103 | D:2      | Found an ancient bone altar of Kikubaaqudgha.
  1295 | D:2      | Gained mutation: Your natural rate of healing is unusually
                  | fast. [Vine Stalker growth]
  1295 | D:2      | Reached XP level 4. HP: 21/21 MP: 9/9
  1609 | D:2      | HP: 1/21 [adder (3)]
  1612 | D:2      | Slain by an adder

Illustrated notes

Levels and vault maps discovered:
D:1:      roderic_crop_circles_arrival_small, layout_loops_cross,
          shapermc_ecumenical_altar_mp_ritualfount
D:2:      minmay_inner_zag, layout_basic, basic_altar, minmay_pentomino_z2

Skill      XL: |  1  2  3  4 |
---------------+-------------+-----
Short Blades   | 1 |  1.4
Dodging        | 2 |  2.2
Spellcasting   | 3 |  3.1
Fighting       | |  0.8
Stealth        | |  3.6
Hexes          | |  3.5

Action                     |  1- 3 |  4- 6 || total
---------------------------+-------+-------++-------
  Melee: Dagger            |   106 |    35 ||   141
         Bite              |    15 |     8 ||    23
         Punch             |     1 |       ||     1
   Cast: Ensorcelled Hiber |     3 |     5 ||     8
    Use: Potion            |     2 |     2 ||     4
   Stab: Sleeping          |     8 |     5 ||    13
 Armour: Robe              |    18 |     5 ||    23
  Dodge: Dodged            |    68 |    24 ||    92

Table legend: (Time is in decaauts)
 A = Elapsed time spent in this place.
 B = Non-inter-level travel time spent in this place.
 C = Inter-level travel time spent in this place.
 D = Time resting spent in this place.
 E = Time spent auto-exploring this place.
 F = Levels seen in this place.
 G = Mean time per level.
                   A        B        C        D        E       F      G
               +--------+--------+--------+--------+--------+-----+--------+
         Total |   1602 |   1502 |    100 |     32 |   1100 |   2 |  801.0 |
       Dungeon |   1602 |   1502 |    100 |     32 |   1100 |   2 |  801.0 |
               +--------+--------+--------+--------+--------+-----+--------+

Top non-repeatable levels by time:
     D:1: 850 daAuts
     D:2: 752 daAuts
